 Dungeon Crawl Stone Soup version 0.31-a0-981-geadf994542 (webtiles) character file.

Game seed: 11946297115273803298

1437 Demosthentine the Trooper (level 8, -4/63 HPs)
             Began as a Demonspawn Gladiator on Nov 1, 2023.
             Slain by an ogre
             ... wielding a +0 giant spiked club
              (36 damage)
             ... on level 6 of the Dungeon.
             The game lasted 00:04:52 (4852 turns).

Demosthentine the Trooper (Demonspawn Gladiator)    Turns: 4852, Time: 00:04:53

Health: -4/63      AC:  7    Str: 16    XL:     8   Next: 45%
Magic:  8/8        EV: 14    Int: 10    God:
Gold:   562        SH:  0    Dex: 15    Spells: 7/7 levels left

rFire   . . .        a - +0 trident
rCold   . . .        (no shield)
rNeg    . . .        b - +1 leather armour
rPois   +            q - +2 helmet
rElec   .            (no cloak)
rCorr   .            (gloves unavailable)
SInv    .            (no boots)
Will    .....        i - amulet of the acrobat
Stlth   +            r - ring of poison resistance
HPRegen 0.30/turn    (no ring)
MPRegen 0.11/turn

%: acrobat
@: no status effects
A: demonic guardian 1, demonic magic 2, demonic touch 3
a: no special abilities


You were on level 6 of the Dungeon.
You visited 1 branch of the dungeon, and saw 6 of its levels.

You collected 562 gold pieces.

Inventory:

Hand Weapons
 a - a +0 trident (weapon)
Missiles
 d - 3 throwing nets (quivered)
 e - 6 javelins
Armour
 b - a +1 leather armour (worn)
 q - a +2 helmet (worn)
Jewellery
 i - an amulet of the acrobat (around neck)
 r - a ring of poison resistance (left hand)
Wands
 c - a wand of polymorph (7)
 h - a wand of mindburst (12)
Scrolls
 g - a scroll of teleportation
 l - a scroll of amnesia {unknown}
 s - a scroll of torment
 u - 2 scrolls of enchant armour
 v - a scroll of immolation
 w - a scroll of fear
Potions
 f - 3 potions of mutation {unknown}
 j - 4 potions of curing
 k - a potion of lignification
 m - 3 potions of brilliance {unknown}
 n - a potion of enlightenment
 o - 2 potions of haste {unknown}
 p - a potion of cancellation {unknown}
 t - a potion of resistance {unknown}
 x - a potion of invisibility {unknown}


   Skills:
 + Level 5.5 Fighting
 + Level 5.5 Polearms
 - Level 1.7 Throwing
 + Level 4.5 Armour
 + Level 5.5 Dodging


You had 7 spell levels left.
You didn't know any spells.
Your spell library contained the following spells:

 Spells                   Type           Power      Damage    Failure   Level
 Summon Small Mammal      Summ           0%         N/A       41%         1
 Ensorcelled Hibernation  Hex/Ice        0%         N/A       56%         2
 Passwall                 Tmut/Erth      0%         N/A       56%         2
 Static Discharge         Conj/Air       0%         3-3/arc   56%         2
 Call Canine Familiar     Summ           0%         N/A       80%         3
 Summon Guardian Golem    Hex/Summ       0%         N/A       80%         3
 Swiftness                Air            0%         N/A       80%         3
 Airstrike                Air            0%         2d(0-16)  99%         4
 Summon Lightning Spire   Summ/Air       0%         N/A       99%         4


Dungeon Overview and Level Annotations

Branches:
Dungeon (6/15)
 Temple: D:4-7

Altars:
Cheibriados
Kikubaaqudgha
Nemelex Xobeh
Ru
Vehumet

Shops:
D:2 [   D:6 :


Innate Abilities, Weirdness & Mutations

A weak demonic guardian rushes to your aid.
Spells you cast may paralyse nearby enemies.
Your touch may irresistibly damage your foes and sap their willpower.


Message History

You kill the hound!
The iguana barely misses you.
You barely miss the iguana. Your touch misses the iguana.
The iguana misses you.
You barely miss the iguana. The iguana barely misses you.
An iguana is nearby!
You closely miss the iguana.
The iguana bites you but does no damage.
An iguana is nearby!
You hit the iguana.
You touch the iguana!
You kill the iguana!
Found a stone staircase leading down.
You see here a hound corpse.
You see here an iguana corpse.
You see here 7 stones.
Found a pair of gloves.
No target in view!
No target in view!
Found a stone staircase leading down.
No target in view!
An ogre comes into view. It is wielding a +0 giant spiked club.
The ogre shouts!
You hear a bark!
Found a leather armour.
You puncture the ogre!
The ogre is moderately wounded.
The ogre misses you.
You barely miss the ogre.
The ogre is moderately wounded.
The ogre misses you.
You barely miss the ogre.
You touch the ogre!
You sap its willpower!
The ogre is almost dead.
You hit the ogre.
The ogre is almost dead.
The ogre hits you with a +0 giant spiked club!!
A demonic guardian appears!
You hit the ogre.
The ogre is almost dead.
The ogre hits you with a +0 giant spiked club!!!
Ouch! That really hurt!
You die...

#.(.# ##.....#
##..######.#..# ..
##..##....>.#..#. ..
....##.........[.#.#
...††(........# ..#
.....#......### [.
...#........# .#
#...........#####O#
#....###.##...##@.#
....## #.##.....5##
.... #.####..###
.... #.# #.## ...
#.# .. #.# #.# #.#
#.#


You could see an ogre (weak-willed, ally target) and a friendly iron imp
(summoned).

Vanquished Creatures
  Grinder (D:4)
  Menkaure (D:6)
  An ice beast (D:5)
  A phantom (D:5)
  A scorpion (D:4)
  5 wights
  A howler monkey (D:5)
  3 hounds (D:6)
  A sleepcap (D:6)
  4 iguanas
  3 orc wizards
  Robin (D:3)
  5 adders
  2 worms (D:2)
  8 orcs
  5 endoplasms
  3 giant cockroaches
  11 hobgoblins
  6 jackals (D:3)
  7 kobolds
  3 quokkas
  8 ball pythons
  3 bats
  5 frilled lizards
  16 goblins
  6 rats
111 creatures vanquished.

Vanquished Creatures (collateral kills)
  An orc warrior (D:6)
  A sleepcap (D:5)
  An orc (D:5)
3 creatures vanquished.

Grand Total: 114 creatures vanquished

Notes
Turn   | Place    | Note
-------+----------+-------------------------------------------
     0 | D:1      | Demosthentine the Demonspawn Gladiator began the quest for
                  | the Orb.
     0 | D:1      | Reached XP level 1. HP: 16/16 MP: 1/1
    92 | D:1      | Gained mutation: Spells you cast may paralyse adjacent
                  | enemies. [demonic ancestry]
    92 | D:1      | Reached XP level 2. HP: 16/22 MP: 2/2
   765 | D:1      | Reached skill level 1 in Armour
   849 | D:1      | Identified a scroll of acquirement
   849 | D:1      | Acquired 254 gold pieces
   899 | D:2      | Gained mutation: A weak demonic guardian rushes to your
                  | aid. [demonic ancestry]
   899 | D:2      | Reached XP level 3. HP: 28/28 MP: 3/3
  1050 | D:2      | Found Zaiboyri's Antique Armour Boutique.
  1325 | D:2      | Found a faded altar of an unknown god.
  2092 | D:3      | Gained mutation: Your touch may inflict minor irresistible
                  | damage on your foes. [demonic ancestry]
  2092 | D:3      | Reached XP level 4. HP: 24/34 MP: 4/4
  2266 | D:3      | Noticed Robin
  2283 | D:3      | Killed Robin
  2514 | D:3      | Found a sacrificial altar of Ru.
  2666 | D:4      | Noticed Grinder
  2678 | D:4      | Killed Grinder
  2679 | D:4      | Gained mutation: Your touch may inflict irresistible damage
                  | on your foes. [demonic ancestry]
  2679 | D:4      | Reached XP level 5. HP: 31/42 MP: 5/5
  2679 | D:4      | Gained mutation: Spells you cast may paralyse nearby
                  | enemies. [demonic ancestry]
  2679 | D:4      | Reached XP level 6. HP: 35/48 MP: 6/6
  3171 | D:4      | Found an ancient bone altar of Kikubaaqudgha.
  3272 | D:4      | Found a sparkling altar of Nemelex Xobeh.
  3437 | D:5      | Entered Level 5 of the Dungeon
  3494 | D:5      | Found a snail-covered altar of Cheibriados.
  3634 | D:5      | Reached XP level 7. HP: 51/54 MP: 7/7
  4029 | D:5      | Reached skill level 5 in Polearms
  4029 | D:5      | Reached skill level 5 in Dodging
  4029 | D:5      | Gained mutation: Your touch may irresistibly damage your
                  | foes and sap their willpower. [demonic ancestry]
  4029 | D:5      | Reached XP level 8. HP: 16/61 MP: 8/8
  4031 | D:5      | Reached skill level 5 in Fighting
  4250 | D:5      | Found a radiant altar of Vehumet.
  4434 | D:6      | HP: 3/60 [orc/+0 short sword (1)]
  4706 | D:6      | Found Ruganiag's Book Shoppe.
  4743 | D:6      | Noticed Menkaure
  4748 | D:6      | Killed Menkaure
  4852 | D:6      | Slain by an ogre

Illustrated notes

Levels and vault maps discovered:
D:1:      ncdulo_halloftheorcs, layout_loops_cross, kennysheep_minor_cross
D:2:      layout_loops_ring, dreamdust_ecumenical_altar_hidden_monk_grotto,
          serial_shops, shop_fountains
D:3:      layout_loops_ring, overflow_temple_1_default, uniq_robin
D:4:      layout_loops_cross, nemelex_diamond_rough_becter,
          nicolae_kikubaaqudgha_miasma_corner, serial_glass, glass_columns_b,
          glass_columns_a, uniq_grinder
D:5:      layout_gridville, mainiacjoe_overflow_brackets,
          nicolae_overflow_crystal_walls
D:6:      layout_rooms, minmay_temple_entry_junction, serial_shops, shop,
          uniq_menkaure, uniq_crazy_yiuf_cottage

Skill      XL: |  1  2  3  4  5  6  7  8 |
---------------+-------------------------+-----
Polearms       | 3 4 5 |  5.5
Dodging        | 3 4 5 |  5.5
Armour         | 1 2 3 4 |  4.5
Fighting       | 3 4 5 |  5.5
Throwing       | |  1.7

Action                     |  1- 3 |  4- 6 |  7- 9 || total
---------------------------+-------+-------+-------++-------
  Melee: Trident           |   161 |   114 |   101 ||   376
         Touch             |       |    18 |    19 ||    37
         Punch             |       |     1 |     1 ||     2
    Use: Scroll            |     5 |     4 |     2 ||    11
         Potion            |       |     1 |     1 ||     2
   Stab: Sleeping          |     1 |     2 |       ||     3
         Distracted        |       |       |     1 ||     1
 Armour: Leather armour    |    57 |    52 |    75 ||   184
  Dodge: Dodged            |    81 |    26 |    85 ||   192

Table legend: (Time is in decaauts)
 A = Elapsed time spent in this place.
 B = Non-inter-level travel time spent in this place.
 C = Inter-level travel time spent in this place.
 D = Time resting spent in this place.
 E = Time spent auto-exploring this place.
 F = Levels seen in this place.
 G = Mean time per level.
                   A        B        C        D        E       F      G
               +--------+--------+--------+--------+--------+-----+--------+
         Total |   4896 |   4774 |    122 |    124 |   3828 |   6 |  816.0 |
       Dungeon |   4896 |   4774 |    122 |    124 |   3828 |   6 |  816.0 |
               +--------+--------+--------+--------+--------+-----+--------+

Top non-repeatable levels by time:
     D:4: 1002 daAuts
     D:5: 993 daAuts
     D:2: 913 daAuts
     D:1: 878 daAuts
     D:3: 826 daAuts
     D:6: 281 daAuts
